 Dungeon Crawl Stone Soup version 0.31-a0-233-g139696dc86 (webtiles) character file.

Game seed: 12527306689994724784

88 qw the Shooter (level 4, 0/36 HPs)
             Began as a Minotaur Hexslinger on July 7, 2023.
             Slain by a quokka (2 damage)
             ... on level 3 of the Dungeon.
             The game lasted 00:00:34 (1752 turns).

qw the Shooter (Minotaur Hexslinger)                Turns: 1752, Time: 00:00:35

Health: 0/36       AC:  5    Str: 12    XL:     4   Next: 29%
Magic:  4/4        EV: 11    Int: 10    God:
Gold:   39         SH:  0    Dex: 15    Spells: 4/5 levels left

rFire   . . .        Y - +1 sling
rCold   . . .        (no shield)
rNeg    . . .        g - +0 ring mail
rPois   .            (helmet restricted)
rElec   .            (no cloak)
rCorr   .            (no gloves)
SInv    .            (no boots)
Will    .....        (no amulet)
Stlth   +            (no ring)
HPRegen 0.26/turn    (no ring)
MPRegen 0.09/turn

%: no passive effects
@: no status effects
A: horns 2, retaliatory headbutt
a: no special abilities


You were on level 3 of the Dungeon.
You visited 1 branch of the dungeon, and saw 3 of its levels.

You collected 39 gold pieces.


Innate Abilities, Weirdness & Mutations

You have a pair of horns on your head.
You reflexively headbutt those who attack you in melee.


   Skills:
 - Level 2.0 Fighting
 + Level 4.5 Ranged Weapons
 - Level 1.3 Armour
 - Level 2.1 Dodging
 - Level 1.0 Spellcasting
 - Level 2.0 Hexes


You had 4 spell levels left.
You knew the following spells:

 Your Spells              Type           Power      Damage    Failure   Level
a - Slow                  Hex            16%        N/A       32%         1

Your spell library contained the following spells:

 Spells                   Type           Power      Damage    Failure   Level
 Inner Flame              Hex/Fire       2%         N/A       83%         3
 Portal Projectile        Hex/Tloc       4%         N/A       83%         3
 Cause Fear               Hex            2%         N/A       97%         4

Inventory:

Hand Weapons
 Y - a +1 sling (weapon)
Armour
 g - a +0 ring mail (worn)
Scrolls
 c - a scroll of enchant weapon {unknown}
Potions
 a - a potion of magic {unknown}
 b - a potion of enlightenment {unknown}
 d - a potion of ambrosia {unknown}
 e - a potion of invisibility {unknown}
 f - a potion of cancellation {unknown}

Dungeon Overview and Level Annotations

Branches:
Dungeon (3/15)

Altars:
Cheibriados
Sif Muna


Message History

The sling bullet closely misses the goblin.
The goblin barely misses you. You furiously retaliate!
You headbutt the goblin. The goblin hits you but does no damage.
The hobgoblin hits you but does no damage.
The goblin hits you but does no damage. The quokka closely misses you.
You shoot a sling bullet.
The sling bullet hits the hobgoblin but does no damage.
The hobgoblin is heavily wounded.
The goblin barely misses you. The goblin hits you with a +0 dagger.
The hobgoblin barely misses you. You furiously retaliate!
You headbutt the hobgoblin!
You kill the hobgoblin!
The goblin hits you with a +0 club. The quokka closely misses you.
The goblin hits you but does no damage. The quokka barely misses you.
The goblin hits you with a +0 club. The goblin hits you but does no damage.
The goblin barely misses you.
You shoot a sling bullet.
The sling bullet hits the goblin but does no damage.
The goblin is moderately wounded.
The quokka closely misses you. The goblin hits you but does no damage.
The goblin closely misses you. The goblin hits you with a +0 dagger.
The goblin hits you with a +0 club.
You shoot a sling bullet. The sling bullet hits the goblin!
You kill the goblin!
The quokka misses you. The goblin hits you but does no damage.
The goblin hits you with a +0 club. The goblin hits you but does no damage.
The quokka bites you.
You shoot a sling bullet. The sling bullet hits the goblin.
You kill the goblin!
The goblin closely misses you. The goblin barely misses you.
The goblin hits you with a +0 dagger. The quokka bites you.
The goblin closely misses you. You furiously retaliate!
You headbutt the goblin!
You kill the goblin!
The goblin hits you but does no damage. The goblin closely misses you.
You furiously retaliate!
You headbutt the goblin. You shoot a sling bullet.
The sling bullet closely misses the goblin.
The quokka bites you. The goblin hits you but does no damage.
The goblin misses you. The goblin closely misses you. The quokka bites you.
You die...

###....# .......
#.#...... .#.#.....# ##.
.......... ....
_.P......##.....
.........gr).<....
.........g@#
..........#g#
............#
.............###.#
.(.#......#..# #.#
...##........###.######.
........................
....#..#......##########
.......#..##..#


You could see a quokka and 3 goblins.

Vanquished Creatures
  Robin (D:3)
  3 adders (D:2)
  A worm (D:2)
  2 ball pythons (D:1)
  3 endoplasms
  9 goblins
  7 hobgoblins
  3 jackals (D:1)
  2 kobolds (D:2)
  3 quokkas (D:2)
  5 bats
  2 frilled lizards (D:1)
  3 rats
44 creatures vanquished.

Notes
Turn   | Place    | Note
-------+----------+-------------------------------------------
     0 | D:1      | qw the Minotaur Hexslinger began the quest for the Orb.
     0 | D:1      | Reached XP level 1. HP: 16/16 MP: 1/1
     0 | D:1      | 0 ||| qw: Version: 0.3-a-46-gb1f654a
     0 | D:1      | 0 ||| qw: Game counter: 3067
     0 | D:1      | 0 ||| qw: Melee chars always use a shield: true
     0 | D:1      | 0 ||| qw: God list: Okawaru
     0 | D:1      | 0 ||| qw: Allow faded altars: false
     0 | D:1      | 0 ||| qw: Do Orc after clearing Dungeon:15 true
     0 | D:1      | 0 ||| qw: Do second Lair branch before Depths: true
     0 | D:1      | 0 ||| qw: Lair rune preference: random
     0 | D:1      | 0 ||| qw: Goals: Normal
     0 | D:1      | 0 ||| PLANNING D:1-11
   360 | D:1      | Reached skill level 3 in Ranged Weapons
   360 | D:1      | Reached XP level 2. HP: 23/23 MP: 2/2
   904 | D:1      | 904 ||| UPGRADING to +0 ring mail.
   914 | D:1      | 914 ||| DROPPING +0 robe.
   915 | D:1      | 915 ||| READING scroll labelled ECZUGA IFIEXTO.
   916 | D:1      | 916 ||| DROPPING scroll of poison.
  1013 | D:2      | Found a snail-covered altar of Cheibriados.
  1152 | D:2      | Reached XP level 3. HP: 29/29 MP: 3/3
  1252 | D:2      | 1252 ||| FLEEEEING.
  1253 | D:2      | 1253 ||| FLEEEEING.
  1254 | D:2      | 1254 ||| FLEEEEING.
  1256 | D:2      | 1256 ||| FLEEEEING.
  1258 | D:2      | 1258 ||| FLEEEEING.
  1259 | D:2      | 1259 ||| FLEEEEING.
  1260 | D:2      | 1260 ||| FLEEEEING.
  1261 | D:2      | 1261 ||| FLEEEEING.
  1262 | D:2      | 1262 ||| FLEEEEING.
  1263 | D:2      | 1263 ||| FLEEEEING.
  1264 | D:2      | 1264 ||| FLEEEEING.
  1265 | D:2      | 1265 ||| FLEEEEING.
  1266 | D:2      | 1266 ||| FLEEEEING.
  1352 | D:2      | Reached skill level 4 in Ranged Weapons
  1465 | D:2      | Reached skill level 1 in Armour
  1631 | D:2      | 1631 ||| READING scroll labelled TOREURISEE.
  1632 | D:2      | 1632 ||| READING 3 scrolls labelled FECHID JEVUOM.
  1633 | D:2      | 1633 ||| DROPPING 2 scrolls of butterflies.
  1715 | D:3      | Found a shimmering blue altar of Sif Muna.
  1726 | D:3      | Noticed Robin
  1732 | D:3      | Reached XP level 4. HP: 25/36 MP: 4/4
  1741 | D:3      | Killed Robin
  1749 | D:3      | HP: 8/36 [goblin/+0 club[Robin] (2)]
  1751 | D:3      | HP: 3/36 [quokka (1)]
  1752 | D:3      | Slain by a quokka

Levels and vault maps discovered:
D:1:      scummos_arrival_hexagon, layout_basic, minmay_misc_feat_hallway
D:2:      layout_loops_ring, basic_altar
D:3:      layout_basic, mainiacjoe_overflow_alcove_1, nicolae_ru_path_of_blood,
          mainiacjoe_overflow_tiny_flanked, nicolae_ecumenical_snake_handling,
          uniq_terence, uniq_robin

Skill      XL: |  1  2  3 |
---------------+----------+-----
Ranged Weapons | 3 4 |  4.5
Fighting       | 2 |  2.0
Armour         | 1 |  1.3
Dodging        | |  2.1
Spellcasting   | |  1.0
Hexes          | |  2.0

Action                     |  1- 3 |  4- 6 || total
---------------------------+-------+-------++-------
   Fire: Sling             |   104 |    21 ||   125
    Use: Scroll            |     3 |       ||     3
 Armour: Robe              |     1 |       ||     1
         Ring mail         |    17 |    28 ||    45
  Dodge: Dodged            |    39 |    35 ||    74

Table legend:
 A = Non-vault XP
 B = Vault XP
 C = Vault XP percentage of total XP
 D = Non-vault monster count
 E = Vault monster count
 F = Vault count percentage of total count
                 A         B        C        D         E       F
            +---------+---------+-------+---------+---------+-------
      Total |      96 |      30 |  23.8 |      35 |       9 |  20.5
            +---------+---------+-------+---------+---------+-------
        D:1 |      23 |       0 |   0.0 |      15 |       0 |   0.0
        D:2 |      68 |       0 |   0.0 |      17 |       0 |   0.0
        D:3 |       5 |      30 |  85.7 |       3 |       9 |  75.0
            +---------+---------+-------+---------+---------+-------
